AoeStats
← Ypsilon

Arena

509490486Analyzed
4v4 RM · 7d ago on Sep 27, 2026· 58m 46s· 8 players
Game mode
Random Map
Map size
Large (8 player)
Population
200
Speed
Normal
Resources
Standard
Victory
Conquest
Starting age
Dark Age
Ending age
Imperial Age
RankedLock teamsTeams togetherTeam positionsShared explorationLock speedFull tech treeHidden civsTurbo modeCheats
Victory
Defeat
🇧🇷 Tupi · Brazil
1216
+14
🇺🇸 Poles · United States
1213
+14
🇺🇸 Bohemians · United States
1157
+16
🇺🇸 Portuguese · United States
1155
+16
🇲🇽 Varangians · Mexico
1218
-17
🇨🇱 Franks · Chile
1190
-16
🇫🇷 Aztecs · France
1161
-15
🇨🇱 Khmer · Chile
1084
-12
[MIAAU] GM Panzer IV
12:01 Feudal Age
15:32 Castle Age
16:51 Forging
17:40 Squires
19:13 Loom
20:29 Arson
20:34 Gambesons
21:22 Scale Mail Armor
23:01 Chain Mail Armor
26:24 Iron Casting
32:56 Fletching
35:52 Bodkin Arrow
37:49 Horse Collar
37:55 Double-Bit Axe
38:30 Padded Archer Armor
39:34 Wheelbarrow
39:14 Bow Saw
39:05 Heavy Plow
40:12 Husbandry
40:23 Bloodlines
41:48 Loom
45:16 Gold Mining
46:48 Masonry
Kim jong-un
10:32 Feudal Age
14:26 Castle Age
12:15 Double-Bit Axe
12:55 Stone Mining
13:39 Gold Mining
15:29 Bow Saw
21:39 Loom
36:53 Horse Collar
43:22 Wheelbarrow
44:01 Stone Shaft Mining
47:33 Heavy Plow
49:00 Gold Shaft Mining
52:30 Pikeman
53:11 Squires
53:16 Scale Mail Armor
53:27 Forging
60:07 Imperial Age
bastianbps
7:16 Loom
10:44 Feudal Age
14:43 Castle Age
13:33 Double-Bit Axe
15:48 Bow Saw
23:05 Wheelbarrow
23:49 Gold Mining
24:07 Scale Barding Armor
25:26 Chain Barding Armor
28:27 Imperial Age
26:52 Forging
28:11 Gold Shaft Mining
29:07 Iron Casting
30:19 Hand Cart
30:42 Plate Barding Armor
29:30 Cavalier
30:12 Husbandry
30:36 Stone Mining
31:22 Capped Ram
33:06 Paladin
35:45 Blast Furnace
36:01 Chemistry
34:41 Treadmill Crane
37:40 Scale Mail Armor
40:47 Conscription
40:35 Chivalry
43:55 Light Cavalry
45:11 Chain Mail Armor
44:18 Elite Throwing Axeman
48:15 Plate Mail Armor
54:34 Ballistics
54:30 Fletching
EMPANADADEPICOQUESO
8:45 Feudal Age
14:21 Castle Age
32:16 Double-Bit Axe
32:15 Horse Collar
37:21 Wheelbarrow
36:33 Loom
37:35 Gold Mining
37:36 Stone Mining
38:36 Hand Cart
41:03 Imperial Age
39:34 Gold Shaft Mining
41:39 Stone Shaft Mining
40:52 Town Watch
41:21 Heavy Scorpion
43:04 Chemistry
42:25 Ballistics
41:54 Pikeman
42:37 Halberdier
44:07 Coinage
43:53 Capped Ram
44:59 Forging
44:52 Scale Mail Armor
44:54 Double Crossbow
45:14 Conscription
46:18 Chain Mail Armor
49:22 Iron Casting
55:46 Blast Furnace
SepticGiraffe
10:43 Feudal Age
15:36 Castle Age
14:05 Double-Bit Axe
14:29 Horse Collar
15:16 Stone Mining
15:46 Gold Mining
19:48 Bow Saw
23:18 Heavy Plow
24:35 Loom
25:34 Wheelbarrow
25:24 Scale Barding Armor
27:54 Forging
29:36 Hand Cart
31:21 Scale Mail Armor
34:10 Imperial Age
32:32 Szlachta Privileges
33:31 Bloodlines
33:47 Chain Barding Armor
35:02 Cavalier
36:21 Iron Casting
36:02 Chain Mail Armor
36:27 Crop Rotation
36:10 Town Watch
36:32 Husbandry
38:00 Conscription
42:48 Blast Furnace
47:14 Coinage
54:14 Banking
55:28 Plate Mail Armor
54:49 Fletching
54:33 Pikeman
55:14 Squires
Sir Penjamin Danklin II
11:38 Feudal Age
13:07 Double-Bit Axe
15:34 Castle Age
13:28 Horse Collar
17:04 Bow Saw
20:17 Wheelbarrow
21:42 Scale Barding Armor
21:47 Forging
22:15 Bloodlines
23:19 Loom
24:26 Husbandry
25:48 Man-at-Arms
26:14 Gambesons
27:24 Hand Cart
26:38 Long Swordsman
31:04 Scale Mail Armor
34:34 Chain Mail Armor
34:55 Iron Casting
36:12 Heavy Plow
39:19 Imperial Age
37:14 Arson
41:20 Siege Engineers
40:58 Two-Handed Swordsman
42:55 Chemistry
42:20 Elite Organ Gun
46:00 Arquebus
46:54 Champion
48:30 Plate Mail Armor
50:10 Light Cavalry
51:11 Chain Barding Armor
51:51 Blast Furnace
52:12 Gold Mining
53:29 Two-Man Saw
53:01 Crop Rotation
53:35 Stone Mining
53:12 Pikeman
Ypsilon
10:28 Feudal Age
11:43 Loom
14:35 Castle Age
12:59 Double-Bit Axe
15:24 Town Watch
15:52 Bow Saw
16:40 Gold Mining
18:40 Fletching
19:16 Horse Collar
21:44 Bodkin Arrow
24:41 Padded Archer Armor
26:03 Ballistics
30:36 Heavy Plow
31:14 Wheelbarrow
32:24 Gold Shaft Mining
32:02 Pikeman
33:14 Hand Cart
33:26 Scale Mail Armor
34:01 Squires
34:15 Forging
38:11 Imperial Age
36:02 Leather Archer Armor
39:15 Conscription
38:16 Elite Blackwood Archer
38:57 Bracer
39:18 Murder Holes
40:25 Chemistry
42:40 Two-Man Saw
41:33 Stone Mining
41:41 Halberdier
43:55 Chain Mail Armor
45:01 Plate Mail Armor
45:45 Iron Casting
50:13 Ring Archer Armor
51:07 Treadmill Crane
52:34 Arson
54:36 Champi Runner
55:25 Curare
58:29 Champi Warrior
SmokeyDaBear
9:51 Feudal Age
10:07 Feudal Age
14:22 Castle Age
12:40 Double-Bit Axe
14:20 Horse Collar
15:57 Bow Saw
Connection lost

Rejoining the realm…

Still unreachable

The connection could not be restored.

Session expired

The server has moved on; the page needs a fresh start.